 Dungeon Crawl Stone Soup version 0.26.0-10-g1f06aea511 (webtiles) character file.

Game seed: 9768119928823490054

3857 Marvel the Basher (level 9, -1/133 HPs)
             Began as a Troll Berserker on Jan 14, 2021.
             Was a High Priest of Trog.
             Slain by Grum
             ... wielding a +0 spear of venom
              (5 damage)
             ... on level 8 of the Dungeon.
             The game lasted 00:21:00 (6615 turns).

Marvel the Basher (Troll Berserker)                 Turns: 6615, Time: 00:21:01

Health: -1/133     AC: 10    Str: 27    XL:     9   Next: 99%
Magic:  8/8        EV: 10    Int:  4    God:    Trog [*****.]
Gold:   286        SH:  0    Dex: 11    Spells: 8/8 levels left

rFire    + . .     SeeInvis .   G - +1 giant spiked club (venom)
rCold    . . .     Faith    .   (shield currently unavailable)
rNeg     . . .     Spirit   .   b - +1 animal skin
rPois    .         Reflect  .   (helmet restricted)
rElec    .         Harm     .   r - +2 cloak
rCorr    .         Rampage  .   (gloves unavailable)
Will     .....     Clarity  +   (boots unavailable)
Stlth    ..........             h - amulet of magic regeneration
HPRegen  0.72/turn              v - ring of protection from fire
MPRegen  0.36/turn              (no ring)

@: berserking (expiring), lethally poisoned (-1 -> -4), very quick
A: large, unfitting armour, claws 3, agile 1, clarity, regeneration 1, shaggy
fur 1, tough skin 3, weak 1, evolution 1
a: Renounce Religion, Berserk, Trog's Hand, Brothers in Arms


You were on level 8 of the Dungeon.
You worshipped Trog.
Trog was extremely pleased with you.
You visited 1 branch of the dungeon, and saw 8 of its levels.

You collected 481 gold pieces.
You spent 195 gold pieces at shops.

Inventory:

Hand Weapons
 a - a +0 mace
 u - a +0 flail of holy wrath
 x - the +2 war axe of the Scorpion {flame, *Slow Str+4 Dex+4}
   (You bought it in a shop on level 5 of the Dungeon)

   It has been specially enchanted to burn those struck by it, causing extra
   injury to most foes and up to half again as much damage against particularly
   susceptible opponents.
   Big, fiery blades are also staple armaments of hydra-hunters.
   It affects your strength (+4).
   It affects your dexterity (+4).
   It may slow you when you take damage.
 A - a +2 falchion of distortion
 G - a +1 giant spiked club of venom (weapon)
Missiles
 c - 13 poisoned darts (quivered)
Armour
 b - a +1 animal skin (worn)
 r - a +2 cloak (worn)
Jewellery
 h - an amulet of magic regeneration (around neck)
 o - an uncursed ring of ice {unknown}
 v - a ring of protection from fire (left claw)
Wands
 e - a wand of polymorph (15)
 E - a wand of enslavement (8)
Scrolls
 d - 4 scrolls of identify
 k - 2 scrolls of enchant armour
 n - a scroll of amnesia
 q - 3 scrolls of remove curse
 t - 2 scrolls of fear
 y - a scroll of teleportation
Potions
 j - a potion of attraction
 l - a potion of curing
 m - a potion of cancellation {unknown}
 p - a potion of heal wounds {unknown}
 s - 2 potions of degeneration {unknown}
 w - a potion of brilliance {unknown}
 z - a potion of resistance
 B - a potion of lignification {unknown}
 C - a potion of experience {unknown}
 D - a potion of magic


   Skills:
 + Level 5.9 Fighting
 + Level 11.7 Maces & Flails
 + Level 0.2 Throwing
 - Level 3.0 Dodging
 + Level 0.4 Unarmed Combat


You had 8 spell levels left.
You didn't know any spells.
Your spell library was empty.

Dungeon Overview and Level Annotations

Branches:
Dungeon (8/15)             Temple (0/1) D:7
   Lair: D:8-11

Altars:
Dithmenos
Elyvilon
Fedhas
Gozag
Ru
Vehumet
Xom
Yredelemnul
Zin

Shops:
D:5 (

Annotations:
D:5 1 runed translucent door
D:8 Grum


Innate Abilities, Weirdness & Mutations

You are too large for most types of armour.
You have claws for hands.
Your natural rate of healing is unusually fast.
You are covered in fur. (AC +1)
You have extremely tough skin. (AC +3)
You are agile. (Dex +2)
You possess an exceptional clarity of mind.
You are weak. (Str -2)
You evolve.


Message History

The killer bee stings you.
* * * LOW HITPOINT WARNING * * *
Grum hits you from afar with a +0 spear of venom!
* * * LOW HITPOINT WARNING * * *
You are more poisoned.
You closely miss the killer bee.
You feel sick. The killer bee stings you.
* * * LOW HITPOINT WARNING * * *
The killer bee stings you but does no damage.
Grum hits you from afar with a +0 spear of venom!
* * * LOW HITPOINT WARNING * * *
You miss the killer bee.
* * * LOW HITPOINT WARNING * * *
You feel sick. The killer bee barely misses you.
You bludgeon the killer bee!!
You kill the killer bee!
Trog accepts your kill.
* * * LOW HITPOINT WARNING * * *
You feel sick.
Grum hits you from afar with a +0 spear of venom.
You die...

############ #hyhg†@....#
#.########.# #.# #.# #h# #.#
#.# #.#
......yg....####.############
.......................##....
###...#.#.###########..##.###
#g..#...# #..##.#


You could see Grum, 2 wolves and a killer bee.

Vanquished Creatures
  Pikel (D:4)
  Maggie (D:6)
  Eustachio (D:6)
  Menkaure (D:5)
  Duvessa (D:6)
  3 ice beasts (D:7)
  2 necrophages
  A wolf (D:8)
  3 centaurs (D:5)
  2 bullfrogs (D:7)
  Dowan (D:6)
  A scorpion (D:4)
  8 killer bees
  3 wights (D:8)
  4 howler monkeys
  2 bullfrog zombies
  2 jellies
  An orc wizard (D:7)
  A bullfrog skeleton (D:5)
  4 orc priests
  A gnoll shaman (D:5)
  4 hounds
  Natasha (thrice) (D:3)
  Crazy Yiuf (D:4)
  4 iguanas
  4 worker ants
  2 ogre zombies (D:5)
  A hound skeleton (D:7)
  Robin (D:4)
  11 adders
  8 gnolls
  An orc zombie (D:5)
  A white imp (D:3)
  An ufetubus (D:5)
  An ooze (D:1)
  An adder zombie (D:8)
  An adder skeleton (D:6)
  2 worms
  3 dart slugs
  8 leopard geckos
  25 orcs
  5 giant cockroaches
  12 goblins
  12 hobgoblins
  12 jackals
  3 quokkas
  4 ball pythons
  6 bats
  7 frilled lizards
  A jackal skeleton (D:4)
  3 kobolds
  A leopard gecko skeleton (D:4)
  A quokka zombie (D:7)
  12 rats
206 creatures vanquished.

Notes
Turn   | Place    | Note
-------+----------+-------------------------------------------
     0 | D:1      | Marvel the Troll Berserker began the quest for the Orb.
     0 | D:1      | Reached XP level 1. HP: 22/22 MP: 0/0
   103 | D:1      | Reached XP level 2. HP: 29/29 MP: 1/1
   417 | D:1      | Reached skill level 3 in Maces & Flails
   658 | D:1      | Reached XP level 3. HP: 36/36 MP: 2/2
   675 | D:1      | Reached ** piety under Trog
  1247 | D:2      | Reached XP level 4. HP: 7/44 MP: 3/3
  1506 | D:2      | Found a faded altar of an unknown god.
  1783 | D:3      | Reached skill level 4 in Maces & Flails
  1892 | D:3      | Noticed Natasha
  1899 | D:3      | Killed Natasha
  1995 | D:3      | Reached XP level 5. HP: 21/52 MP: 4/4
  2142 | D:3      | Noticed Natasha
  2160 | D:3      | Killed Natasha
  2161 | D:3      | Reached skill level 5 in Maces & Flails
  2175 | D:3      | Noticed Natasha
  2197 | D:3      | Gained mutation: You are agile. (Dex +2) [potion of
                  | mutation]
  2197 | D:3      | Gained mutation: You evolve. [potion of mutation]
  2197 | D:3      | Gained mutation: You are weak. (Str -2) [potion of
                  | mutation]
  2197 | D:3      | Gained mutation: You possess an exceptional clarity of
                  | mind. [potion of mutation]
  2204 | D:3      | Killed Natasha
  2375 | D:3      | Found a white marble altar of Elyvilon.
  2434 | D:3      | You fall into a shaft and drop 1 floor!
  2434 | D:4      | Found a sacrificial altar of Ru.
  2445 | D:4      | Reached XP level 6. HP: 58/59 MP: 5/5
  2451 | D:4      | Noticed Pikel
  2472 | D:4      | Killed Pikel
  2473 | D:4      | Reached skill level 7 in Maces & Flails
  2473 | D:4      | Reached XP level 7. HP: 58/66 MP: 6/6
  2617 | D:4      | Reached *** piety under Trog
  2801 | D:4      | Found an opulent altar of Gozag.
  3031 | D:4      | Found a shadowy altar of Dithmenos.
  3042 | D:4      | Reached skill level 8 in Maces & Flails
  3045 | D:4      | Found a glowing silver altar of Zin.
  3046 | D:4      | Found a shimmering altar of Xom.
  3050 | D:4      | Noticed Robin
  3060 | D:4      | Found a blossoming altar of Fedhas.
  3236 | D:4      | Found a runed translucent door.
  3237 | D:4      | Noticed Crazy Yiuf
  3348 | D:4      | Killed Robin
  3471 | D:4      | Killed Crazy Yiuf
  3583 | D:5      | Entered Level 5 of the Dungeon
  3627 | D:5      | Reached XP level 8. HP: 75/75 MP: 7/7
  3748 | D:5      | Noticed Menkaure
  3755 | D:5      | Killed Menkaure
  3756 | D:5      | Found Zeubriu's Antique Weapon Shop.
  3760 | D:5      | Reached skill level 9 in Maces & Flails
  3782 | D:5      | Bought a fading war axe for 195 gold pieces
  3782 | D:5      | Identified the +2 war axe of the Scorpion {flame, *Slow
                  | Str+4 Dex+4} (You bought it in a shop on level 5 of the
                  | Dungeon)
  3805 | D:5      | Found a runed translucent door.
  3810 | D:5      | Found a basalt altar of Yredelemnul.
  3954 | D:5      | Reached **** piety under Trog
  3989 | D:5      | Found a transporter.
  4016 | D:5      | Found a transporter.
  4602 | D:6      | Noticed Dowan
  4603 | D:6      | Noticed Duvessa
  4609 | D:6      | Killed Dowan
  4616 | D:6      | Killed Duvessa
  4729 | D:6      | Reached skill level 10 in Maces & Flails
  4771 | D:6      | Noticed Maggie
  4774 | D:6      | Noticed Eustachio
  4786 | D:6      | Killed Maggie
  4787 | D:6      | Reached XP level 9. HP: 66/85 MP: 8/8
  4820 | D:6      | Killed Eustachio
  5328 | D:7      | Reached skill level 5 in Fighting
  5508 | D:7      | Reached ***** piety under Trog
  5776 | D:7      | Found a radiant altar of Vehumet.
  5834 | D:7      | Found a staircase to the Ecumenical Temple.
  5906 | D:7      | Reached skill level 11 in Maces & Flails
  6585 | D:8      | Noticed Grum
  6613 | D:8      | HP: 5/133 [Grum/+0 spear of venom (13)]
  6615 | D:8      | Slain by Grum

Illustrated notes

Levels and vault maps discovered:
D:1:      minmay_arrival_wavy_path, layout_loops_corners
D:2:      layout_basic, chequers_ecumenical_altar_island,
          hangedman_abyss_or_decor_stabs
D:3:      layout_basic, nicolae_overflow_hidden_temple, minmay_door_square,
          uniq_natasha
D:4:      layout_rooms, nicolae_overflow_quartered_altars, hangedman_ru_absence,
          nicolae_gozag_cash_rules_everything_around_me, portal_sewer_entry_f,
          minmay_misc_feat_x, uniq_crazy_yiuf_cottage, uniq_robin, uniq_pikel
D:5:      gammafunk_cloud_chamber, layout_cave_pools, serial_shops, shop,
          dk_yredelemnul_ordeal, uniq_menkaure
D:6:      layout_basic, uniq_eustachio, uniq_duvessa, uniq_maggie
D:7:      layout_basic, lemuel_crystal_altar, minmay_temple_entry_offerings
D:8:      layout_basic, nicolae_wwwww, palyth_stone_intersect, uniq_erica,
          uniq_grum, uniq_prince_ribbit1, uniq_joseph

Skill      XL: |  1  2  3  4  5  6  7  8  9 |
---------------+----------------------------+-----
Maces & Flails | 3 4 5 7 8 10 11 | 11.7
Dodging        | 3 |  3.0
Fighting       | 3 4 5 |  5.9
Throwing       | |  0.2
Unarmed Combat | |  0.4

Action                   |  1- 3 |  4- 6 |  7- 9 || total
-------------------------+-------+-------+-------++-------
Melee: Mace              |   172 |   169 |    26 ||   367
       Unarmed           |       |     1 |       ||     1
       Flail             |       |       |   335 ||   335
       Punch             |       |       |     3 ||     3
       Giant spiked club |       |       |   111 ||   111
Throw: Dart              |       |       |     8 ||     8
Invok: Berserk           |     2 |     5 |    13 ||    20
  Use: Potion            |     1 |     2 |     3 ||     6
       Scroll            |       |       |    13 ||    13
 Stab: Sleeping          |     1 |     1 |     1 ||     3
Armor: Animal skin       |    98 |    71 |   210 ||   379
       Skin              |       |     6 |       ||     6
Dodge: Dodged            |   134 |   102 |   271 ||   507
